 Dungeon Crawl Stone Soup version 0.29-a0-284-gf9362112df (webtiles) character file.

Game seed: 16194136353681629191

1189 spaghetti the Caller (level 8, -3/52 HPs)
             Began as a Demonspawn Summoner on Mar 21, 2022.
             Was an Initiate of Gozag.
             Slain by a seven-headed hydra (4 damage)
             ... on level 7 of the Dungeon.
             The game lasted 00:13:39 (6685 turns).

spaghetti the Caller (Demonspawn Summoner)          Turns: 6685, Time: 00:13:40

Health: -3/52      AC:  8    Str:  9      XL:     8   Next: 19%
Magic:  0/16       EV: 12    Int: 15 (19) God:    Gozag
Gold:   591        SH:  0    Dex: 13      Spells: 6/18 levels left

rFire   + . .      SeeInvis .   e - +1 dagger (speed) {short}
rCold   . . .      Faith    .   n - orb {*channel}
rNeg    + . .      Spirit   .   a - +0 robe
rPois   .          Reflect  .   (no helmet)
rElec   .          Harm     .   r - +2 cloak
rCorr   .          Rampage  .   (no gloves)
Will    .....                   (no boots)
Stlth   ++........              p - amulet of regeneration {@e2}
HPRegen 0.97/turn               f - ring of protection from fire
MPRegen 0.15/turn               o - ring of positive energy

@: studying Shields
A: hooves 1, yellow scales 2, foul stench 1, powered by death 2
a: Renounce Religion, Potion Petition, Call Merchant, Bribe Branch


You were on level 7 of the Dungeon.
You worshipped Gozag.
Gozag was pleased with you.
You visited 1 branch of the dungeon, and saw 7 of its levels.

You collected 756 gold pieces.
You spent 165 gold pieces at shops.


Innate Abilities, Weirdness & Mutations

You have large cloven feet.
You are mostly covered in yellow scales. (AC +3)
You may rarely emit foul miasma when damaged in melee.
You regenerate health from kills.


   Skills:
 - Level 1.7 Dodging
 - Level 1.7 Stealth
 + Level 5.9 Spellcasting
 - Level 2.0 Hexes
 + Level 6.6 Summonings
 + Level 0.0 Earth Magic
 + Level 4.8 Evocations


You had 6 spell levels left.
You knew the following spells:

 Your Spells              Type           Power      Damage    Failure   Level
a - Summon Guardian Gole  Hex/Summ       17%        N/A       8%          3
b - Call Imp              Summ           24%        N/A       1%          2
c - Call Canine Familiar  Summ           24%        N/A       3%          3
d - Animate Armour        Summ/Erth      28%        N/A       36%         4

Your spell library contained the following spells:

 Spells                   Type           Power      Damage    Failure   Level
 Summon Small Mammal      Summ           96%        N/A       1%          1
 Summon Lightning Spire   Summ/Air       14%        N/A       36%         4
 Stone Arrow              Conj/Erth      8%         3d7       41%         3
 Lehudib's Crystal Spear  Conj/Erth      2%         10d2      100%        8

Inventory:

Hand Weapons
 b - a +0 dagger {short}
   (You took it off a kobold on level 1 of the Dungeon)
 d - a +0 club {mace}
   (You took it off a kobold on level 1 of the Dungeon)
 e - a +1 dagger of speed (weapon) {short}
   (You took it off a hobgoblin on level 1 of the Dungeon)
Missiles
 c - 166 stones {throwing}
 j - 5 javelins {throwing}
 u - 2 silver javelins {throwing}
 x - 5 poisoned darts {throwing}
 A - 5 boomerangs {throwing}
Armour
 a - a +0 robe (worn)
 n - an orb of energy (worn)
   (You found it on level 2 of the Dungeon)
 r - a +2 cloak (worn)
   (You bought it in a shop on level 3 of the Dungeon)
Magical Staves
 k - a staff of death {!astaff}
   (You found it on level 1 of the Dungeon)
 v - a staff of conjuration {!a@e2staff}
   (You found it on level 4 of the Dungeon)
Jewellery
 f - a ring of protection from fire (left hand)
   (You took it off a hobgoblin on level 1 of the Dungeon)
 l - an amulet of the acrobat
   (You took it off a gnoll on level 3 of the Dungeon)
 o - a ring of positive energy (right hand)
   (You found it on level 2 of the Dungeon)
 p - an amulet of regeneration (around neck) {@e2}
   (You found it on level 2 of the Dungeon)
 w - a ring of positive energy
   (You found it on level 4 of the Dungeon)
Wands
 s - a wand of flame (12)
   (You found it on level 3 of the Dungeon)
 C - a wand of digging (7)
   (You found it on level 7 of the Dungeon)
Scrolls
 t - a scroll of magic mapping {!r}
 y - 2 scrolls of teleportation {@r4}
Potions
 g - 2 potions of haste {@q3}
 h - 2 potions of brilliance {unknown}
 i - 2 potions of flight {unknown}
 m - 2 potions of lignification {unknown}
 q - 4 potions of might
 z - a potion of curing {unknown}
 B - a potion of degeneration {unknown}
 D - a potion of heal wounds {unknown}

Dungeon Overview and Level Annotations

Branches:
Dungeon (7/15)
 Temple: D:4-7

Altars:
Gozag

Shops:
D:3 [

Annotations:
D:5 Pikel

#.# #.## # #..# . #.
#..# .. #.. #..# .>.
.##..#####ยง.###.... .
........9............
##...5D##...######.#
#..##@##....# .### #..
#.<.#.#.# ###.....
#..####.#.#.###...##..
......#.#)#...........
......................
......................
......................
.................#....
......##..............


You could see a seven-headed hydra (ally target), a friendly guardian golem
(summoned) and a friendly crimson imp (summoned, sheltered).


Message History

You finish memorising.
Spell assigned to 'd'.
Okay, then.
Unknown command.
Okay, then.
A - 5 boomerangs {throwing} (gained 3)
A seven-headed hydra is nearby!
A seven-headed hydra is nearby!
A seven-headed hydra is nearby!
The seven-headed hydra roars!
Casting: Summon Guardian Golem (dangerous; 8% risk of failure)
Confirm with . or Enter, or press ? or * to list all spells.
A beastly little devil appears in a puff of flame. ๐Ÿ˜Ž MP[-2]
You lost 2 mp, and now have 14/16 mp.
Casting: Call Imp (safe; 1% risk of failure)
Confirm with . or Enter, or press ? or * to list all spells.
Your crimson imp blinks! ๐Ÿ˜Ž MP[-3]
You lost 3 mp, and now have 11/16 mp.
Casting: Call Canine Familiar (dangerous; 3% risk of failure)
Confirm with . or Enter, or press ? or * to list all spells.
A guardian golem appears, shielding your allies. ๐Ÿ˜Ž MP[-3]
You lost 3 mp, and now have 8/16 mp. ๐Ÿ˜Ž MP[+1]
The seven-headed hydra bites your hound!
The seven-headed hydra bites your hound!!
The seven-headed hydra bites your hound!
Your hound dies!
Your hound's corpse disappears in a puff of smoke!
The seven-headed hydra bites your guardian golem but does no damage.
The seven-headed hydra bites your guardian golem! x2
Your guardian golem is destroyed!
Your guardian golem disappears in a puff of smoke!
Casting: Summon Guardian Golem (dangerous; 8% risk of failure)
Confirm with . or Enter, or press ? or * to list all spells.
๐Ÿ˜Ž MP[-3]
You lost 3 mp, and now have 6/16 mp.
The seven-headed hydra bites your hound. x2
The seven-headed hydra bites your hound!
Your hound dies!
Your hound's corpse disappears in a puff of smoke!
The seven-headed hydra closely misses your crimson imp.
The seven-headed hydra barely misses your crimson imp.
The seven-headed hydra bites your crimson imp. x2
Your crimson imp barely misses the seven-headed hydra.
Casting: Call Canine Familiar (dangerous; 3% risk of failure)
Confirm with . or Enter, or press ? or * to list all spells.
๐Ÿ˜Ž MP[-3]
You lost 3 mp, and now have 3/16 mp.
Your hound barely misses the seven-headed hydra.
The seven-headed hydra barely misses your hound.
The seven-headed hydra bites your hound!
The seven-headed hydra misses your hound.
The seven-headed hydra bites your hound!
Your hound dies!
Your hound's corpse disappears in a puff of smoke!
The seven-headed hydra bites your crimson imp.
The seven-headed hydra barely misses your crimson imp.
The seven-headed hydra bites your crimson imp!
Your crimson imp dies!
Your crimson imp disappears in a puff of smoke! ๐Ÿ˜Ž MP[+1]
Casting: Call Canine Familiar (dangerous; 3% risk of failure)
Confirm with . or Enter, or press ? or * to list all spells.
A guardian golem appears, shielding your allies. ๐Ÿ˜Ž MP[-3]
You lost 3 mp, and now have 1/16 mp. ๐Ÿ˜Ž MP[+1]
Casting: Summon Guardian Golem (dangerous; 8% risk of failure)
Confirm with . or Enter, or press ? or * to list all spells.
A beastly little devil appears in a puff of flame.
Your crimson imp says, "I'm here!" ๐Ÿ˜Ž MP[-2]
You lost 2 mp, and now have 0/16 mp.
The seven-headed hydra attacks as you move away!
The seven-headed hydra bites you.
The seven-headed hydra barely misses you. x2
The seven-headed hydra bites you! x2
The seven-headed hydra closely misses you.
The seven-headed hydra bites you.
* * * LOW HITPOINT WARNING * * *
Your crimson imp blinks! ๐Ÿ˜ฎ HP[-25]
You take 25 damage, and now have 27/52 hp.
MASSIVE DAMAGE!! (PAUSE)
The seven-headed hydra attacks as you move away!
The seven-headed hydra bites you.
* * * LOW HITPOINT WARNING * * *
The seven-headed hydra bites you!
* * * LOW HITPOINT WARNING * * *
You emit a cloud of foul miasma!
The seven-headed hydra bites you!
* * * LOW HITPOINT WARNING * * *
The seven-headed hydra bites you but does no damage.
The seven-headed hydra closely misses you.
The seven-headed hydra bites you.
* * * LOW HITPOINT WARNING * * *
The seven-headed hydra bites you.
You die...
Your body crumbles into a pile of gold.

Skill      XL: |  1  2  3  4  5  6  7 |
---------------+----------------------+-----
Spellcasting   | 3 4 5 |  5.9
Evocations     | 1 2 3 4 |  4.8
Hexes          | 1 2 |  2.0
Summonings     | 5 6 |  6.6
Dodging        | |  1.7
Stealth        | |  1.7

Action                   |  1- 3 |  4- 6 |  7- 9 || total
-------------------------+-------+-------+-------++-------
Melee: Unarmed           |    27 |       |       ||    27
       Dagger            |    98 |    59 |    75 ||   232
       Club              |     8 |       |       ||     8
       Kick              |    36 |    19 |    21 ||    76
       Punch             |     1 |       |       ||     1
 Cast: Summon Small Mamm |    29 |       |       ||    29
       Call Imp          |    14 |    14 |     9 ||    37
       Call Canine Famil |     8 |    13 |    11 ||    32
       Summon Guardian G |       |       |    10 ||    10
  Use: Potion            |     1 |       |     1 ||     2
       Scroll            |     3 |     5 |     2 ||    10
 Stab: Distracted        |     2 |       |       ||     2
       Sleeping          |     1 |     5 |       ||     6
Armor: Robe              |    20 |    15 |    28 ||    63
Dodge: Dodged            |    65 |    28 |    33 ||   126

Levels and vault maps discovered:
D:1:      dpeg_arrival_ratfight, layout_basic,
          shapermc_ecumenical_altar_flowoftime
D:2:      layout_basic, grunt_ministairs_8, chequers_serial_rivers_small_a
D:3:      layout_loops_ring, serial_shops,
          nicolae_shop_temple_entry_statues_fountains
D:4:      layout_loops_ring
D:5:      layout_rooms, nicolae_ru_awakened_eye, glass_columns_b, uniq_grinder,
          uniq_eustachio, uniq_edmund, uniq_pikel, uniq_duvessa
D:6:      layout_loops_ring
D:7:      layout_rooms, mainiacjoe_overflow_large_starburst,
          minmay_temple_entry_overgrown, enter_bailey_8

Notes
Turn   | Place    | Note
-------+----------+-------------------------------------------
     0 | D:1      | spaghetti the Demonspawn Summoner began the quest for the
                  | Orb.
     0 | D:1      | Reached XP level 1. HP: 13/13 MP: 3/3
     0 | D:1      | magus.rc [v1.9.6]
   307 | D:1      | HP: 2/13 [kobold/+0 dagger (3)]
   614 | D:1      | Gained mutation: You have large cloven feet. [demonic
                  | ancestry]
   614 | D:1      | Reached XP level 2. HP: 11/19 MP: 3/5
   929 | D:1      | Learned a level 2 spell: Call Imp
   938 | D:1      | Reached skill level 3 in Spellcasting
  1695 | D:1      | Found a faded altar of an unknown god.
  1720 | D:1      | Gained mutation: You regenerate a little health from kills.
                  | [demonic ancestry]
  1720 | D:1      | Reached XP level 3. HP: 23/24 MP: 4/7
  2093 | D:1      | Prayed at the altar of an unknown god.
  2093 | D:1      | Became a worshipper of Gozag Ym Sagoz the Greedy
  2148 | D:1      | Learned a level 3 spell: Call Canine Familiar
  3315 | D:3      | Found Potzi's Armour Shoppe.
  3389 | D:3      | Bought a +2 cloak for 165 gold pieces
  3418 | D:3      | Gained mutation: You may rarely emit foul miasma when
                  | damaged in melee. [demonic ancestry]
  3418 | D:3      | Reached XP level 4. HP: 30/30 MP: 1/9
  3515 | D:3      | Reached skill level 1 in Evocations
  3741 | D:3      | Reached skill level 4 in Spellcasting
  4063 | D:3      | Learned a level 3 spell: Summon Guardian Golem
  4093 | D:3      | Reached XP level 5. HP: 35/35 MP: 11/11
  5101 | D:5      | Entered Level 5 of the Dungeon
  5101 | D:5      | Noticed a lemure
  5102 | D:5      | Noticed a lemure
  5102 | D:5      | Noticed a lemure
  5103 | D:5      | Noticed a lemure
  5103 | D:5      | Noticed Pikel
  5127 | D:6      | Killed a lemure
  5256 | D:6      | Noticed a water moccasin
  5259 | D:6      | Reached skill level 1 in Hexes
  5352 | D:6      | Killed a water moccasin
  5353 | D:6      | Reached skill level 5 in Summonings
  5353 | D:6      | Reached skill level 2 in Evocations
  5353 | D:6      | Gained mutation: You regenerate health from kills. [demonic
                  | ancestry]
  5353 | D:6      | Reached XP level 6. HP: 41/41 MP: 5/12
  5444 | D:6      | Noticed a sky beast
  5458 | D:6      | Killed a sky beast
  5459 | D:6      | Reached skill level 2 in Hexes
  5540 | D:6      | Reached skill level 3 in Evocations
  5540 | D:6      | Gained mutation: You are partially covered in yellow
                  | scales. (AC +2) [demonic ancestry]
  5540 | D:6      | Reached XP level 7. HP: 35/46 MP: 8/14
  5904 | D:6      | Reached skill level 5 in Spellcasting
  6194 | D:7      | Noticed a seven-headed hydra
  6240 | D:7      | Noticed a wyvern
  6274 | D:7      | Killed a wyvern
  6275 | D:7      | Reached skill level 6 in Summonings
  6275 | D:7      | Reached skill level 4 in Evocations
  6313 | D:7      | Gained mutation: You are mostly covered in yellow scales.
                  | (AC +3) [demonic ancestry]
  6313 | D:7      | Reached XP level 8. HP: 52/52 MP: 1/16
  6637 | D:7      | You pick up a book of Armaments and begin reading...
  6637 | D:7      | You add the spells Stone Arrow, Animate Armour and
                  | Lehudib's Crystal Spear to your library.
  6650 | D:7      | Learned a level 4 spell: Animate Armour
  6685 | D:7      | HP: 12/52 [seven-headed hydra (12)]
  6685 | D:7      | HP: 3/52 [seven-headed hydra (9)]
  6685 | D:7      | HP: 1/52 [seven-headed hydra (2)]
  6685 | D:7      | Slain by a seven-headed hydra

Vanquished Creatures
  A wyvern (D:7)
  A bullfrog (D:6)
  A scorpion (D:6)
  An orc wizard (D:7)
  A gnoll (D:3)
  An ufetubus (D:3)
  3 worms (D:2)
  11 orcs
  2 endoplasms
  6 giant cockroaches
  A goblin (D:1)
  2 hobgoblins
  2 kobolds
  3 quokkas
  2 ball pythons
  A bat (D:2)
  A frilled lizard (D:3)
  3 rats
43 creatures vanquished.

Vanquished Creatures (collateral kills)
  A water moccasin (D:6)
  2 sky beasts
  A lemure (D:6)
  A scorpion (D:6)
  A hound (D:4)
  An orc priest (D:7)
  2 orc wizards
  5 gnolls
  3 adders (D:3)
  A white imp (D:6)
  A dart slug (D:1)
  2 orcs
  An endoplasm (D:3)
  2 giant cockroaches
  A goblin (D:1)
  4 hobgoblins
  4 kobolds
  3 quokkas
  2 bats (D:1)
  2 frilled lizards
  7 rats
47 creatures vanquished.

Vanquished Creatures (others)
  An orc warrior (D:7)
  An ice beast (D:7)
  A centaur (D:7)
  An orc (D:7)
  3 plants (D:1)
  3 withered plants (D:1)
10 creatures vanquished.

Grand Total: 100 creatures vanquished

Table legend:
 A = Non-vault XP
 B = Vault XP
 C = Vault XP percentage of total XP
 D = Non-vault monster count
 E = Vault monster count
 F = Vault count percentage of total count
                 A         B        C        D         E       F
            +---------+---------+-------+---------+---------+-------
      Total |    1687 |      12 |   0.7 |      86 |       7 |   7.5
            +---------+---------+-------+---------+---------+-------
        D:1 |      40 |       5 |  11.1 |      22 |       5 |  18.5
        D:2 |      24 |       7 |  22.6 |      10 |       2 |  16.7
        D:3 |     123 |       0 |   0.0 |      19 |       0 |   0.0
        D:4 |      68 |       0 |   0.0 |      11 |       0 |   0.0
        D:6 |     616 |       0 |   0.0 |      13 |       0 |   0.0
        D:7 |     816 |       0 |   0.0 |      11 |       0 |   0.0
            +---------+---------+-------+---------+---------+-------

Illustrated notes

Table legend:
 A = Kills in this place as a percentage of kills in entire the game.
 B = Kills by you in this place as a percentage of kills by you in the entire game.
 C = Kills by friends in this place as a percentage of kills by friends in the entire game.
 D = Other kills in this place as a percentage of other kills in the entire game.
 E = Experience gained in this place as a percentage of experience gained in the entire game.
 F = Experience gained in this place divided by the number of levels of this place that you have seen.
                   A       B       C       D       E      F
               +-------+-------+-------+-------+-------+----------------------
         Total | 100.0 | 100.0 | 100.0 | 100.0 | 100.0 | 242.7
       Dungeon | 100.0 | 100.0 | 100.0 | 100.0 | 100.0 | 242.7
               +-------+-------+-------+-------+-------+----------------------

Table legend: (Time is in decaauts)
 A = Elapsed time spent in this place.
 B = Non-inter-level travel time spent in this place.
 C = Inter-level travel time spent in this place.
 D = Time resting spent in this place.
 E = Time spent auto-exploring this place.
 F = Levels seen in this place.
 G = Mean time per level.
                   A        B        C        D        E       F      G
               +--------+--------+--------+--------+--------+-----+--------+
         Total |   6591 |   6427 |    164 |   1072 |   4265 |   7 |  941.6 |
       Dungeon |   6591 |   6427 |    164 |   1072 |   4265 |   7 |  941.6 |
               +--------+--------+--------+--------+--------+-----+--------+

Top non-repeatable levels by time:
     D:1: 2131 daAuts
     D:2: 1132 daAuts
     D:3: 1084 daAuts
     D:6: 1066 daAuts
     D:4: 707 daAuts
     D:7: 464 daAuts
     D:5: 4 daAuts
